 Dungeon Crawl Stone Soup version 0.16-a0-4020-g6ff35b5 (console) character file.

728 MarvinPA the Digger (level 7, -1/50 HPs)
             Began as a Demigod Earth Elementalist on Feb 17, 2015.
             Killed from afar by Pikel (17 damage)
             ... with a wand of fire
             ... on level 4 of the Dungeon.
             The game lasted 00:09:26 (6295 turns).

MarvinPA the Digger (Demigod Earth Elementalist)    Turns: 6295, Time: 00:09:27

Health: -1/50      AC:  4    Str: 11    XL:     7   Next: 20%
Magic:  7/18       EV: 12    Int: 23    God:
Gold:   117        SH:  0    Dex: 16    Spells: 4 memorised, 1 level left

rFire  . . .     SeeInvis .     b - 128 stones
rCold  . . .     Clarity  .     c - +0 robe
rNeg   . . .     SustAb   +     (no shield)
rPois  .         Gourm    +     q - +1 helmet
rElec  .         Spirit   .     (no cloak)
rCorr  .         Warding  .     (no gloves)
rMut   .         Stasis   .     (no boots)
MR     .....                    g - amulet of the gourmand
Stlth  ++........               (no ring)
                                n - ring of wizardry

@: not resistant to hostile enchantments, unstealthy
A: sustain abilities
a: no special abilities


You were on level 4 of the Dungeon.
You were very full.

You visited 1 branch of the dungeon, and saw 4 of its levels.

You collected 117 gold pieces.


Innate Abilities, Weirdness & Mutations

Your attributes are resistant to harm.


   Skills:
 - Level 1.7 Dodging
 - Level 1.7 Stealth
 - Level 3.0 Spellcasting
 + Level 4.3 Conjurations
 - Level 0.8 Transmutations
 + Level 6.0 Earth Magic


You had one spell level left.
You knew the following spells:

 Your Spells              Type           Power        Failure   Level  Hunger
a - Stoneskin             Trmt/Erth      ###.....     1%          2    ##.....
x - Stone Arrow           Conj/Erth      ####..       2%          3    ###....
z - Sandblast             Erth           ####..       1%          1    None
X - Lee's Rapid Deconstr  Erth           ####......   12%         5    ######.

Inventory:

Hand weapons
 a - a +2 dagger of holy wrath
Missiles
 b - 128 stones (in hand)
Armour
 c - a +0 robe (worn)
 q - a +1 helmet (worn)
Jewellery
 g - an amulet of the gourmand (around neck)
 m - a ring of ice
 n - a ring of wizardry (left hand)
Magical devices
 s - a wand of flame (16)
Scrolls
 e - 2 scrolls of teleportation {unknown}
 j - 4 scrolls of identify {unknown}
 k - 4 scrolls of remove curse {unknown}
 l - a scroll of blinking {unknown}
 p - 3 scrolls of recharging {unknown}
 t - 2 scrolls of noise {unknown}
 u - a scroll of immolation {unknown}
Potions
 f - a potion of cancellation {unknown}
 h - 2 potions of curing {@q1}
 r - a potion of magic {unknown}
Books
 d - a book of Geomancy
Comestibles
 i - 3 bread rations
 o - a royal jelly

Dungeon Overview and Level Annotations

Branches:
Dungeon (4/15)
 Temple: D:4-7

Annotations:
D:4 Pikel

...############.##.##.###########
#### #..#.......#).# ...#
.K..#..8..#.... ##.# #.p#...#..#
#.# #.).8...# #.# #.K.# #.# ##.##
##.# #########K# ...# #....<.p..#
##########.######### ...........#
.############# .##..........# ##
.##.########.# #. .##.# #.# #.
.##.# #.# #. .##.# #.# #.


You could see Pikel.


Message History

The rocky blast hits the slave.
You kill the slave!
That felt strangely unrewarding.
Unknown command.
You can't see any susceptible monsters within range! (Use Z to cast anyway.) Pikel is nearby!
Pikel shouts!
Pikel drinks a potion.
Pikel seems to speed up.
Things that are here:
an animal skin x2 a human corpse You can't see any susceptible monsters within range! (Use Z to cast anyway.)
A kobold and a slave come into view.
Aiming: Stone Arrow
Aim: a kobold, wielding a dagger (hasn't noticed you)
The stone arrow hits the kobold.
You kill the kobold!
The slave shouts!
Pikel zaps a wand.
The bolt of fire hits you!
* * * LOW HITPOINT WARNING * * *
It is a wand of fire.
The slave moves out of view.
Pikel zaps a wand.
The bolt of fire hits you!
* * * LOW HITPOINT WARNING * * *
A slave comes into view.
Unknown command.
Drink which item? (? for menu, Esc to quit)
Okay, then.
Drink which item? (? for menu, Esc to quit)
You feel better.
Pikel zaps a wand.
The bolt of fire hits you!
You die...

Action                   |  1- 3 |  4- 6 |  7- 9 || total
-------------------------+-------+-------+-------++-------
Melee: Unarmed           |    17 |       |       ||    17
       Dagger            |     2 |    16 |       ||    18
 Cast: Sandblast         |    76 |    63 |    10 ||   149
       Stone Arrow       |       |    48 |    13 ||    61
       Stoneskin         |       |     4 |       ||     4
       Lee's Rapid Decon |       |       |     2 ||     2
  Use: Potion            |       |     1 |     1 ||     2
 Stab: Sleeping          |     2 |       |       ||     2
  Eat: Chunk             |     5 |    21 |     3 ||    29
       Pizza             |     1 |       |       ||     1

Vault maps used:
D:1:      onia_arrival_larder, corexii_item_surrounded_by_moat,
          hangedman_decor_peaks_small, minmay_strange_pillars
D:2:      lemuel_round_altar, gammafunk_temple_overflow_wave
D:3:      overflow_temple_1_default, xom_teletrap_fun, first_bread, uniq_robin
D:4:      wad_crossroads, uniq_eustachio, uniq_pikel, uniq_blork_the_orc,
          uniq_grinder

Notes
Turn   | Place    | Note
--------------------------------------------------------------
     0 | D:1      | MarvinPA, the Demigod Earth Elementalist, began the quest for the Orb.
     0 | D:1      | Reached XP level 1. HP: 14/14 MP: 3/3
   154 | D:1      | Reached skill level 2 in Spellcasting
   156 | D:1      | Reached skill level 3 in Earth Magic
   552 | D:1      | Reached XP level 2. HP: 20/20 MP: 2/5
   599 | D:1      | Learned a level 2 spell: Stoneskin
  1539 | D:2      | Found a glowing golden altar of the Shining One.
  1865 | D:2      | Reached XP level 3. HP: 23/26 MP: 6/8
  2463 | D:2      | Learned a level 3 spell: Stone Arrow
  2555 | D:2      | Reached skill level 3 in Spellcasting
  2556 | D:2      | Reached XP level 4. HP: 21/33 MP: 1/12
  2850 | D:2      | Found a basalt altar of Yredelemnul.
  2850 | D:2      | Found a white marble altar of Elyvilon.
  3032 | D:3      | Reached skill level 1 in Conjurations
  3122 | D:3      | Reached skill level 4 in Earth Magic
  3174 | D:3      | Found a deep blue altar of Sif Muna.
  3416 | D:3      | Found a shimmering altar of Xom.
  4001 | D:3      | Reached XP level 5. HP: 34/38 MP: 9/14
  4094 | D:3      | Noticed Robin
  4415 | D:3      | Killed Robin
  4647 | D:3      | Reached skill level 2 in Conjurations
  4907 | D:4      | Noticed Grinder
  5338 | D:4      | Noticed Eustachio
  5380 | D:4      | Killed Eustachio
  5380 | D:4      | Reached skill level 3 in Conjurations
  5380 | D:4      | Reached skill level 5 in Earth Magic
  5380 | D:4      | Reached XP level 6. HP: 30/45 MP: 3/16
  5482 | D:4      | Learned a level 5 spell: Lee's Rapid Deconstruction
  5501 | D:4      | Paralysed by Grinder for 7 turns
  5515 | D:4      | Killed Grinder
  5515 | D:4      | Reached XP level 7. HP: 14/50 MP: 2/18
  5524 | D:4      | Reached skill level 4 in Conjurations
  5644 | D:4      | Reached skill level 6 in Earth Magic
  5729 | D:4      | Got a clouded pewter amulet
  5731 | D:4      | Identified the amulet "Qigoa" {Inacc rElec Str+6 Int-2} (You found it on level 4 of the Dungeon)
  6276 | D:4      | Noticed a slave
  6277 | D:4      | Noticed Pikel
  6278 | D:4      | Noticed a slave
  6285 | D:4      | Killed a slave
  6289 | D:4      | Killed a slave
  6292 | D:4      | Noticed a slave
  6292 | D:4      | HP: 4/50 [Pikel/wand of fire (19)]
  6293 | D:4      | Noticed a slave
  6295 | D:4      | Killed from afar by Pikel

Vanquished Creatures
  Grinder (D:4)
  Eustachio (D:4)
  An ogre (D:4)
  2 slaves (D:4)
  A hound (D:4)
  A worker ant (D:4)
  4 gnolls
  Robin (D:3)
  7 adders
  6 worms
  5 giant geckos
  An orc (D:4)
  9 bats
  8 giant cockroaches
  11 hobgoblins
  3 quokkas
  2 ball pythons
  5 giant newts
  13 goblins
  3 jackals (D:2)
  12 kobolds
  14 rats
111 creatures vanquished.
